 Dungeon Crawl Stone Soup version 0.31-a0-14-gc80a10f4b6 (webtiles) character file.

Game seed: 12000906807207862667

254 sampeng1 the Covered (level 6, -2/48 HPs)
             Began as a Human Fighter on May 8, 2023.
             Slain by a kobold brigand
             ... wielding a +0 short sword
              (5 damage)
             ... in a sewer.
             The game lasted 00:07:13 (1690 turns).

sampeng1 the Covered (Human Fighter)                Turns: 1690, Time: 00:07:13

Health: -2/48      AC:  9    Str: 18    XL:     6   Next: 37%
Magic:  6/6        EV:  9    Int:  9    God:
Gold:   121        SH:  5    Dex: 12    Spells: 5/5 levels left

rFire   . . .        a - +1 war axe
rCold   . . .        c - +0 buckler
rNeg    . . .        b - +0 scale mail
rPois   .            (no helmet)
rElec   .            (no cloak)
rCorr   .            (no gloves)
SInv    .            i - +1 pair of boots
Will    .....        (no amulet) Stlth
                     g - +4 ring of slaying
HPRegen 0.28/turn    (no ring)
MPRegen 0.10/turn

%: no passive effects
@: very slow
A: no striking features
a: no special abilities


You were in a sewer.
You visited 1 branch of the dungeon, and saw 3 of its levels.
You also visited: Sewer.

You collected 121 gold pieces.

Inventory:

Hand Weapons
 a - a +1 war axe (weapon)
Armour
 b - a +0 scale mail (worn)
 c - a +0 buckler (worn)
 i - a +1 pair of boots (worn)
Jewellery
 g - a +4 ring of slaying (left hand)
Scrolls
 e - a scroll of teleportation
 f - 2 scrolls of identify {unknown}
 j - a scroll of magic mapping {unknown}
Potions
 d - a potion of heal wounds {unknown}
 h - a potion of degeneration


   Skills:
 + Level 4.2 Fighting
 + Level 3.4 Axes
 + Level 4.2 Armour
 + Level 4.2 Shields


You had 5 spell levels left.
You didn't know any spells.
Your spell library was empty.

Dungeon Overview and Level Annotations

Branches:
Dungeon (3/15)              Sewer (1/1)

Altars:


Message History

The ball python constricts you.
The ball python bites you but does no damage.
The ball python constricts you. You block the ball python's attack.
The ball python constricts you.
You hit the ball python.
You kill the ball python!
The kobold brigand throws a curare-tipped dart.
The curare-tipped dart barely misses you.
You closely miss the kobold brigand.
The kobold brigand hits you but does no damage.
You block the kobold brigand's attack.
You barely miss the kobold brigand. The kobold brigand barely misses you.
You block the kobold brigand's attack.
The kobold brigand hits you but does no damage.
Unknown command.
Your unstable footing causes you to fumble your attack.
The kobold brigand closely misses you.
The kobold brigand splashes around in the water.
Your unstable footing causes you to fumble your attack.
The kobold brigand hits you with a +0 short sword.
* * * LOW HITPOINT WARNING * * *
The kobold brigand hits you but does no damage.
You closely miss the kobold brigand.
The kobold brigand hits you with a +0 short sword.
* * * LOW HITPOINT WARNING * * *
The kobold brigand closely misses you.
You hit the kobold brigand.
The kobold brigand is lightly wounded.
The kobold brigand hits you with a +0 short sword.
* * * LOW HITPOINT WARNING * * *
The kobold brigand splashes around in the water.
You closely miss the kobold brigand.
The kobold brigand is lightly wounded.
You feel yourself speed up.
The kobold brigand barely misses you. x2
You closely miss the kobold brigand.
The kobold brigand is lightly wounded.
You block the kobold brigand's attack.
The kobold brigand hits you with a +0 short sword.
You die...

.~.~##.... .~....~..
....~.~~# .~.~..~~#
.~~~.~~.# .~~~~.~~#
..~.~.~~## #####
....~~~..## #####~~~~.#
.~~~##~~~.####~~@K~#
~.~####...~~.~~###~~~~.#
.~.## #.~~~~~~.# #######
~~~~####.....~~###~~~~.#
.~~~..########~~.)~#####
##..~..# #####~~~~.#
##...~# ####### ##~~.#
#.~~#


You could see a kobold brigand.

Vanquished Creatures
  2 kobold brigands (Sewer)
  3 gnolls (D:2)
  3 adders
  A worm (Sewer)
  7 ball pythons
  6 endoplasms
  6 giant cockroaches
  A hobgoblin (D:3)
  4 quokkas
  4 bats
  A frilled lizard (D:2)
  5 goblins
  5 kobolds
  3 rats
51 creatures vanquished.

Notes
Turn   | Place    | Note
-------+----------+-------------------------------------------
     0 | D:1      | sampeng1 the Human Fighter began the quest for the Orb.
     0 | D:1      | Reached XP level 1. HP: 18/18 MP: 1/1
   261 | D:1      | Reached XP level 2. HP: 24/24 MP: 2/2
   319 | D:1      | Found a faded altar of an unknown god.
   396 | D:1      | Reached XP level 3. HP: 29/29 MP: 3/3
   835 | D:2      | Reached XP level 4. HP: 28/35 MP: 4/4
  1274 | D:3      | Found a glowing drain.
  1288 | Sewer    | Entered a sewer
  1416 | Sewer    | Noticed a kobold brigand
  1419 | Sewer    | Reached XP level 5. HP: 35/42 MP: 5/5
  1427 | Sewer    | Killed a kobold brigand
  1635 | Sewer    | Noticed a kobold brigand
  1650 | Sewer    | Killed a kobold brigand
  1651 | Sewer    | Reached XP level 6. HP: 42/48 MP: 6/6
  1688 | Sewer    | HP: 2/48 [kobold brigand/+0 short sword (3)]
  1690 | Sewer    | Slain by a kobold brigand

Illustrated notes

Levels and vault maps discovered:
D:1:      onia_arrival_pyramid, layout_rooms,
          ebering_ecumenical_altar_abandoned, patterned_corridor
D:2:      layout_rooms, kennysheep_flooded_box
D:3:      layout_basic, portal_sewer_entry_a
Sewer:    sewer_co_tree

Skill      XL: |  1  2  3  4  5 |
---------------+----------------+-----
Axes           | 3 |  3.4
Armour         | 4 |  4.2
Fighting       | 4 |  4.2
Shields        | 4 |  4.2

Action                     |  1- 3 |  4- 6 || total
---------------------------+-------+-------++-------
  Melee: War axe           |    49 |    81 ||   130
    Use: Scroll            |     4 |       ||     4
         Potion            |     3 |     1 ||     4
 Armour: Scale mail        |    31 |    31 ||    62
  Dodge: Dodged            |    33 |    47 ||    80
  Block: Buckler           |    14 |    22 ||    36

Table legend: (Time is in decaauts)
 A = Elapsed time spent in this place.
 B = Non-inter-level travel time spent in this place.
 C = Inter-level travel time spent in this place.
 D = Time resting spent in this place.
 E = Time spent auto-exploring this place.
 F = Levels seen in this place.
 G = Mean time per level.
                   A        B        C        D        E       F      G
               +--------+--------+--------+--------+--------+-----+--------+
         Total |   1850 |   1735 |    115 |      0 |    977 |   4 |  462.5 |
       Dungeon |   1315 |   1200 |    115 |      0 |    670 |   3 |  438.3 |
         Sewer |    534 |    534 |      0 |      0 |    307 |   1 |  534.0 |
               +--------+--------+--------+--------+--------+-----+--------+

Top non-repeatable levels by time:
     D:1: 635 daAuts
     D:2: 577 daAuts
   Sewer: 534 daAuts
     D:3: 103 daAuts
